 Dungeon Crawl Stone Soup version 0.17.2-1-ge4368a0 (webtiles) character file.

53 hurricos the Conjurer (level 3, 0/19 HPs)
             Began as a Tengu Wizard on Oct 15, 2016.
             Succumbed to an adder's poison
             ... on level 2 of the Dungeon.
             The game lasted 00:00:56 (1063 turns).

hurricos the Conjurer (Tengu Wizard)                Turns: 1063, Time: 00:00:56

Health: 0/19       AC:  3    Str: 12    XL:     3   Next: 87%
Magic:  4/9        EV: 14    Int: 19    God:
Gold:   78         SH:  0    Dex: 12    Spells: 1 memorised, 8 levels left

rFire  + . .     SeeInvis .     g - +3 dagger (holy)
rCold  + . .     Clarity  .     a - +0 robe
rNeg   . . .     SustAt   .     (no shield)
rPois  +         Gourm    .     b - +0 hat
rElec  +         Spirit   .     m - +0 cloak
rCorr  +         Warding  .     (no gloves)
rMut   .         Stasis   .     (boots unavailable)
MR     .....                    (no amulet)
Stlth  ++........               (no ring)
                                (no ring)

@: mighty, lethally poisoned (0 -> -4), resistant, not resistant to hostile
enchantments, unstealthy
A: beak, talons 3, repulsion field 1, deterioration 1, evolution 1
a: no special abilities


You were on level 2 of the Dungeon.
You were not hungry.

You visited 1 branch of the dungeon, and saw 2 of its levels.

You collected 78 gold pieces.

Inventory:

Hand Weapons
 g - a +3 dagger of holy wrath (weapon)
Armour
 a - a +0 robe (worn)
 b - a +0 hat (worn)
 m - a +0 cloak (worn)
Scrolls
 e - a scroll of teleportation {unknown}
 i - a scroll of remove curse {unknown}
 j - a scroll of fear {unknown}
 k - a scroll of identify {unknown}
Books
 c - a book of Minor Magic

   Spells                             Type                      Level
   a - Magic Dart                     Conjuration                  1
   b - Blink                          Translocation                2
   c - Call Imp                       Summoning                    2
   d - Repel Missiles                 Charms/Air                   2
   e - Slow                           Hexes                        2
   f - Conjure Flame                  Conjuration/Fire             3
   g - Mephitic Cloud                 Conjuration/Poison/Air       3
Comestibles
 d - a bread ration
 h - a meat ration


   Skills:
 - Level 2.1 Dodging
 - Level 2.0 Stealth
 + Level 3.6 Spellcasting
 * Level 3.7 Conjurations
   Level 1.2 Summonings
   Level 0.7 Translocations


You had 8 spell levels left.
You knew the following spells:

 Your Spells              Type           Power        Failure   Level  Hunger
a - Magic Dart            Conj           ###.         3%          1    None


Dungeon Overview and Level Annotations

Branches:
Dungeon (2/15)

Altars:


Innate Abilities, Weirdness & Mutations

You have a beak for a mouth.
You have claws for feet.
You are surrounded by a mild repulsion field (EV +2).
Your body sometimes deteriorates upon taking damage.
You evolve.


Message History

Confirm with . or Enter, or press ? or * to list all spells.
You can't see any susceptible monsters within range! (Use Z to cast anyway.) Drink which item? (? for menu, Esc to quit)
It was a potion of might.
You feel very mighty all of a sudden.
Drink which item? (? for menu, Esc to quit)
It was a potion of resistance.
You feel protected.
Drink which item? (? for menu, Esc to quit)
It was a potion of mutation.
You feel extremely strange.
You feel yourself wasting away.
You begin to radiate repulsive energy.
You feel nature experimenting on you.
Don't worry, failures die fast.
* * * LOW HITPOINT WARNING * * *
You feel sick.
Unknown command.
You aren't carrying any potions.
Unknown command.
* * * LOW HITPOINT WARNING * * *
You feel sick.
You die...

#.## #.########
#........####### .#
#..............# .#
#.######.#.###. .# #.#
#...# # .# #.#
###.###.# .# #.#
##.....######.#
#.#######.......@.....#
#.#............#####..#
#.##.####.......##..#
#.##.####..#......†.#
#......##..#.##.##.##
#......##..(.......#
#......##..#.##.##.#
#............#.##.##.#
####.....##.......##..


There were no monsters in sight!

Vanquished Creatures
  2 adders (D:2)
  2 giant geckos (D:1)
  A ball python (D:1)
  8 hobgoblins
  5 kobolds
  4 bats
  A giant cockroach (D:1)
  A giant newt (D:1)
  4 goblins
  2 jackals (D:1)
  3 rats (D:1)
33 creatures vanquished.

Notes
Turn   | Place    | Note
--------------------------------------------------------------
     0 | D:1      | hurricos the Tengu Wizard began the quest for the Orb.
     0 | D:1      | Reached XP level 1. HP: 10/10 MP: 5/5
   168 | D:1      | Reached XP level 2. HP: 12/15 MP: 1/7
   776 | D:2      | Reached XP level 3. HP: 19/19 MP: 6/8
  1055 | D:2      | Gained mutation: Your body sometimes deteriorates upon taking damage. [potion of mutation]
  1055 | D:2      | Gained mutation: You are surrounded by a mild repulsion field (EV +2). [potion of mutation]
  1055 | D:2      | Gained mutation: You evolve. [potion of mutation]
  1063 | D:2      | Succumbed to an adder's poison

Action                   || total
-------------------------++-------
Melee: Unarmed           ||    13
       Dagger            ||    26
 Cast: Magic Dart        ||    65
  Use: Potion            ||     3
